 Dungeon Crawl Stone Soup version 0.27.1-34-g3ba077fa99 (webtiles) character file.

Game seed: 8289887231858437249

409 Gabide the Poker (level 7, -2/46 (54) HPs)
             Began as a Human Monk on Jan 4, 2022.
             Slain by an orc (4 damage)
             ... on level 4 of the Dungeon.
             The game lasted 00:15:44 (5847 turns).

Gabide the Poker (Human Monk)                       Turns: 5847, Time: 00:15:44

HP:   -2/46 (54)    AC:  4    Str: 11    XL:     7   Next: 13%
MP:   7/7           EV: 15    Int: 11    God:
Gold: 172           SH:  0    Dex: 23    Spells: 6/6 levels left

rFire    + . .     SeeInvis .   a - +0 spear
rCold    + . .     Faith    .   (no shield)
rNeg     . . .     Spirit   .   b - +2 robe
rPois    +         Reflect  .   (no helmet)
rElec    +         Harm     .   (no cloak)
rCorr    +         Rampage  .   (no gloves)
Will     .....                  (no boots)
Stlth    +++.......             (no amulet)
HPRegen  0.15/turn              h - +6 ring of dexterity
MPRegen  0.10/turn              (no ring)

@: resistant, flying, studying Long Blades, heavily drained
A: no striking features
a: no special abilities


You were on level 4 of the Dungeon.
You visited 1 branch of the dungeon, and saw 4 of its levels.

You collected 172 gold pieces.

Inventory:

Hand Weapons
 a - a +0 spear (weapon)
Armour
 b - a +2 robe (worn)
Jewellery
 c - a ring of ice
 h - a +6 ring of dexterity (left hand)


   Skills:
 + Level 4.3 Fighting
 + Level 5.1 Polearms
 + Level 4.8 Dodging
 + Level 2.9 Stealth


You had 6 spell levels left.
You didn't know any spells.
Your spell library contained the following spells:

 Spells                   Type           Power      Damage    Failure   Level
 Corona                   Hex            0%         N/A       34%         1
 Ensorcelled Hibernation  Hex/Ice        0%         N/A       47%         2
 Passwall                 Tmut/Erth      0%         N/A       47%         2
 Swiftness                Air            0%         N/A       71%         3
 Tukima's Dance           Hex            0%         N/A       71%         3
 Invisibility             Hex            0%         N/A       100%        6


Dungeon Overview and Level Annotations

Branches:
Dungeon (4/15)
 Temple: D:4-7

Altars:
Ashenzari
The Shining One

Annotations:
D:3 1 runed translucent door, MisterT's ghost, amateur HOMo; Sigmund; Terence


Message History

Here: an orc, wielding a +2 hand axe of draining and wearing a +0 chain mail The floor.
Unknown command.
Unknown command.
Unknown command.
You flicker for a moment.
Okay, then.
You aren't carrying any scrolls.
You flicker back into view.
You feel better. The orc hits you but does no damage.
You feel drained.
You barely miss the orc.
The orc hits you with a +2 hand axe of draining!
You feel drained.
The orc shouts!
It was a potion of flight.
You feel very buoyant.
You fly up into the air.
The orc hits you with a +2 hand axe of draining.
You feel drained.
You see here an adder corpse.
Your magical contamination has completely faded away.
Okay, then.
Unknown command.
You aren't carrying any scrolls.
Press: ? - help, v - describe, . - travel
Here: an orc, wielding a +2 hand axe of draining and wearing a +0 chain mail The floor.
Unknown command.
Unknown command.
You feel protected.
The orc hits you with a +2 hand axe of draining!
* * * LOW HITPOINT WARNING * * *
You feel drained.
* * * LOW HITPOINT WARNING * * *
You hit the orc.
The orc is lightly wounded.
The orc hits you with a +2 hand axe of draining!
* * * LOW HITPOINT WARNING * * *
You feel drained.
You die...

..# ########.#####.#..#
..# #......#.# #.#..# ..#
#......#.# #.#..# ..#
#......#.# #.#..# ..#
#......#.# #.#..# ..#
#......#.# #.#.s# ..#
#^..o..#.# #.#..#
..####......#.#####.#
...........o#..o@.#.#
..####......#####.#รท#####
..# #......# #.#.....# ###
######.# #.#####.# #.#
#....<#.# #.###########.#
#......o......#
###############


You could see an orc.

Vanquished Creatures
  2 centaurs (D:4)
  A crimson imp (D:3)
  A hound (D:4)
  Jessica (D:2)
  Natasha (D:3)
  7 adders
  A dart slug (D:2)
  An orc (D:3)
  5 ball pythons
  3 endoplasms
  2 giant cockroaches
  5 goblins
  2 hobgoblins
  6 jackals
  10 kobolds
  3 quokkas
  4 bats
  2 frilled lizards
  A goblin skeleton (D:3)
  2 goblin zombies (D:3)
  3 hobgoblin zombies (D:3)
  2 kobold zombies (D:3)
  2 orc skeletons (D:3)
  An orc zombie (D:3)
  4 rats
72 creatures vanquished.

Notes
Turn   | Place    | Note
-------+----------+-------------------------------------------
     0 | D:1      | Gabide the Human Monk began the quest for the Orb.
     0 | D:1      | Reached XP level 1. HP: 18/18 MP: 1/1
   153 | D:1      | Reached XP level 2. HP: 17/24 MP: 2/2
   868 | D:2      | Found a faded altar of an unknown god.
   894 | D:2      | Reached XP level 3. HP: 7/29 MP: 3/3
  1714 | D:2      | Reached XP level 4. HP: 31/35 MP: 4/4
  2009 | D:2      | Noticed Jessica
  2022 | D:2      | Killed Jessica
  2590 | D:2      | Reached skill level 4 in Polearms
  3059 | D:3      | Noticed Sigmund
  3169 | D:3      | Reached XP level 5. HP: 42/42 MP: 5/5
  3356 | D:3      | Found a runed translucent door.
  3356 | D:3      | Noticed MisterT's ghost (amateur HOMo)
  3791 | D:3      | Noticed Terence
  3795 | D:3      | Noticed Natasha
  4272 | D:3      | Found a glowing golden altar of the Shining One.
  4887 | D:3      | Killed Natasha
  4993 | D:4      | Noticed a centaur
  4998 | D:4      | Noticed a centaur
  5004 | D:4      | Killed a centaur
  5005 | D:4      | Reached XP level 6. HP: 26/48 MP: 6/6
  5009 | D:4      | Reached skill level 5 in Polearms
  5225 | D:4      | Reached XP level 7. HP: 39/54 MP: 7/7
  5417 | D:4      | Found a broken altar of Ashenzari.
  5847 | D:4      | HP: 2/48 [orc (8)]
  5847 | D:4      | Slain by an orc

Illustrated notes

Levels and vault maps discovered:
D:1:      psy_arrival_radial01, layout_basic
D:2:      layout_basic, shapermc_ecumenical_altar_mp_highgroup,
          minmay_nonomino_d4, uniq_jessica
D:3:      layout_loops_corners, nicolae_tso_besieged_by_evil,
          hellmonk_ghost_happy_afterlife, uniq_terence, uniq_natasha,
          uniq_sigmund
D:4:      layout_basic, amcnicky_altar_gilded, minmay_manual_mares

Skill      XL: |  1  2  3  4  5  6 |
---------------+-------------------+-----
Polearms       | 4 5 |  5.1
Dodging        | 4 |  4.8
Fighting       | 4 |  4.3
Stealth        | |  2.9

Action                   |  1- 3 |  4- 6 |  7- 9 || total
-------------------------+-------+-------+-------++-------
Melee: Spear             |   115 |   308 |    59 ||   482
  Use: Scroll            |     6 |     4 |     3 ||    13
       Potion            |     1 |     1 |     4 ||     6
 Stab: Sleeping          |     2 |     5 |     3 ||    10
Armor: Robe              |    23 |    52 |    11 ||    86
Dodge: Dodged            |    70 |   244 |    39 ||   353
